 Dungeon Crawl Stone Soup version 0.30-a0-465-g8901f6c8b5 (webtiles) character file.

Game seed: 14707817659488995885

184 Darkkill the Shooter (level 5, -2/46 HPs)
             Began as a Minotaur Hunter on Dec 18, 2022.
             Slain by a mummy (16 damage)
             ... in an ossuary.
             The game lasted 00:02:58 (2111 turns).

Darkkill the Shooter (Minotaur Hunter)              Turns: 2111, Time: 00:02:59

Health: -2/46      AC:  3    Str: 15    XL:     5   Next: 36%
Magic:  4/4        EV: 14    Int:  6    God:
Gold:   119        SH:  0    Dex: 22    Spells: 4/4 levels left

rFire   + . .      SeeInvis .    a - +0 shortbow
rCold   x . .      Faith    .    (shield currently unavailable)
rNeg    + . .      Spirit   .    c - +0 leather armour
rPois   +          Reflect  .    i - +0 hat
rElec   .          Harm     .    (no cloak)
rCorr   +          Rampage  .    (no gloves)
Will    .....                    (no boots)
Stlth   ++........               (no amulet)
HPRegen 0.27/turn                k - ring "Hiafuecoum" {rPois rF+ rC- rN+ rCorr}
MPRegen 0.09/turn                d - +6 ring of dexterity

@: no status effects
A: horns 2, retaliatory headbutt
a: no special abilities


You were in an ossuary.
You visited 1 branch of the dungeon, and saw 4 of its levels.
You also visited: Ossuary.

You collected 119 gold pieces.

Inventory:

Hand Weapons
 a - a +0 shortbow (weapon)
Missiles
 e - 25 stones
 h - 3 boomerangs
 m - 5 javelins
 q - 9 poisoned darts
Armour
 c - a +0 leather armour (worn)
 i - a +0 hat (worn)
Jewellery
 d - a +6 ring of dexterity (right hand)
 k - the ring "Hiafuecoum" (left hand) {rPois rF+ rC- rN+ rCorr}
   (You acquired it on level 1 of the Dungeon)

   [ring of resist corrosion]

   rF:        It protects you from fire.
   rC:        It makes you vulnerable to cold.
   rPois:     It protects you from poison.
   rN:        It protects you from negative energy.
   rCorr:     It protects you from acid and corrosion.
Wands
 n - a wand of paralysis (12)
Scrolls
 b - 3 scrolls of immolation
 s - a scroll of teleportation
Potions
 g - a potion of cancellation
 j - 4 potions of curing {@q1}
 l - a potion of might


   Skills:
 + Level 3.9 Fighting
 + Level 5.3 Ranged Weapons
 + Level 3.6 Dodging
 + Level 2.3 Stealth


You had 4 spell levels left.
You didn't know any spells.
Your spell library contained the following spells:

 Spells                   Type           Power      Damage    Failure   Level
 Blink                    Tloc           0%         N/A       67%         2
 Momentum Strike          Conj/Tloc      0%         3d8       67%         2
 Gell's Gravitas          Tloc           0%         N/A       88%         3
 Lesser Beckoning         Tloc           0%         N/A       88%         3
 Teleport Other           Tloc           0%         N/A       88%         3


Dungeon Overview and Level Annotations

Branches:
Dungeon (4/15)             Temple (0/1) D:4         Ossuary (1/1)

Altars:
Cheibriados
Hepliaklqana
Uskayaw
Xom


Innate Abilities, Weirdness & Mutations

You have a pair of horns on your head.
You reflexively headbutt those who attack you in melee.


Message History

Found a broad axe.
Found 9 gold pieces.
A goblin comes into view. It is wielding a +0 club.
The goblin shouts!
You open the door. 3 jackals come into view.
The jackal barks! x2
The goblin barely misses you. The jackal misses you.
You hear a shout!
You shoot an arrow. The jackal barks!
The arrow hits the jackal.
You kill the jackal!
The goblin barely misses you. You furiously retaliate!
You headbutt the goblin.
You kill the goblin!
You shoot an arrow. The arrow hits the jackal.
The jackal is almost dead.
The jackal closely misses you.
You shoot an arrow. The arrow hits the jackal!
You kill the jackal!
The jackal barely misses you.
You shoot an arrow. The arrow barely misses the jackal.
You hear a shout!
A goblin comes into view. It is wielding a +0 dagger.
The jackal barely misses you.
You shoot an arrow. The arrow hits the jackal.
The jackal is almost dead.
The jackal barely misses you. The jackal bites you.
You shoot an arrow. The arrow closely misses the jackal.
The arrow hits the goblin!
You kill the goblin!
The jackal barely misses you.
The jackal bites you but does no damage.
You shoot an arrow. The arrow hits the jackal!
You kill the jackal!
Found 17 gold pieces.
There is an open door, spattered with blood here.
You see here a jackal corpse.
Found a sand-covered staircase.
Found a fuming dark potion.
There is a sand-covered staircase here.
The world spins around you as you enter the gateway.
You enter an ossuary!
Found a gate leading back out of this place.
There is an empty arch of ancient stone here.
A human zombie and a gnoll zombie come into view.
You shoot an arrow. The arrow hits the gnoll zombie.
The gnoll zombie is lightly damaged.
There are monsters nearby!
There are monsters nearby!
You shoot an arrow. The arrow hits the gnoll zombie.
The gnoll zombie is moderately damaged.
A goblin zombie comes into view.
You shoot an arrow.
The arrow barely misses the gnoll zombie.
An orc zombie comes into view.
A mummy comes into view.
You shoot an arrow. The arrow hits the gnoll zombie!
The gnoll zombie is severely damaged.
A mummy comes into view.
You shoot an arrow. The arrow hits the gnoll zombie!
You destroy the gnoll zombie!
You shoot an arrow. The arrow hits the orc zombie!
The orc zombie is severely damaged.
The orc zombie closely misses you.
You shoot an arrow. The arrow hits the orc zombie!
You destroy the orc zombie!
The goblin zombie closely misses you. You furiously retaliate!
You headbutt the goblin zombie!
You destroy the goblin zombie!
You shoot an arrow.
The arrow hits the mummy but does no damage.
The human zombie closely misses you.
You shoot an arrow. The arrow hits the mummy.
The mummy is moderately damaged.
The human zombie closely misses you.
You shoot an arrow. The arrow barely misses the mummy.
The human zombie hits you. The mummy closely misses you.
The mummy completely misses you.
You shoot an arrow. The arrow completely misses the mummy.
The human zombie misses you. The mummy barely misses you. x2
You shoot an arrow. The arrow hits the mummy.
The mummy is lightly damaged.
The human zombie closely misses you. The mummy closely misses you.
You furiously retaliate!
You headbutt the mummy! The mummy hits you.
You shoot an arrow.
The arrow barely misses the human zombie.
The human zombie closely misses you. The mummy misses you.
You shoot an arrow. The arrow hits the mummy.
The mummy is almost destroyed.
The human zombie hits you. The mummy closely misses you.
You shoot an arrow. The arrow hits the human zombie.
The human zombie is lightly damaged.
The human zombie barely misses you. The mummy misses you. The mummy hits you!!
You shoot an arrow. The arrow hits the mummy.
You destroy the mummy!
The human zombie hits you. The mummy closely misses you.
The human zombie barely misses you.
You shoot an arrow. The arrow closely misses the mummy.
The human zombie barely misses you. The mummy hits you!
You die...

...........
##.........#
#..........
........
...... #...#
#.MZ#
##.@.##
##.....##
#...∩...#
#.......#
#...∩...#
##.....##
##...##
#####


You could see a mummy and a human zombie.

Vanquished Creatures
  A necrophage (D:3)
  A mummy (Ossuary)
  2 adders
  A worm (D:2)
  5 dart slugs
  An orc (D:3)
  5 ball pythons
  9 endoplasms
  4 giant cockroaches
  A gnoll zombie (Ossuary)
  4 goblins
  11 hobgoblins
  3 jackals (D:4)
  5 kobolds
  4 bats
  4 frilled lizards
  A goblin zombie (Ossuary)
  An orc zombie (Ossuary)
  11 rats
74 creatures vanquished.

Notes
Turn   | Place    | Note
-------+----------+-------------------------------------------
     0 | D:1      | Darkkill the Minotaur Hunter began the quest for the Orb.
     0 | D:1      | Reached XP level 1. HP: 18/18 MP: 0/0
    43 | D:1      | Reached skill level 1 in Stealth
    80 | D:1      | Reached XP level 2. HP: 25/25 MP: 1/1
   348 | D:1      | Reached XP level 3. HP: 30/31 MP: 2/2
   647 | D:1      | Identified a scroll of acquirement
   647 | D:1      | Acquired the ring "Hiafuecoum" {rPois rF+ rC- rN+ rCorr}
  1360 | D:3      | Reached XP level 4. HP: 37/38 MP: 3/3
  1512 | D:3      | Reached skill level 5 in Ranged Weapons
  1561 | D:3      | Noticed a necrophage
  1567 | D:3      | Killed a necrophage
  1568 | D:3      | Reached XP level 5. HP: 37/46 MP: 4/4
  1776 | D:3      | Found a hazy altar of Hepliaklqana.
  1776 | D:3      | Found a shimmering altar of Xom.
  1785 | D:3      | Found a hide-covered altar of Uskayaw.
  1789 | D:3      | Found a faded altar of an unknown god.
  1791 | D:3      | Found a snail-covered altar of Cheibriados.
  2084 | D:4      | Found a sand-covered staircase.
  2091 | Ossuary  | Entered an ossuary
  2111 | Ossuary  | Slain by a mummy

Illustrated notes

Levels and vault maps discovered:
D:1:      psy_arrival_dodecagon, layout_basic
D:2:      layout_loops_cross
D:3:      layout_basic, chequers_temple_overflow_minitemple,
          dreamdust_princess_bridge, minmay_fractal_squares_5
D:4:      layout_basic, mainiacjoe_overflow_boulevard,
          minmay_temple_entry_statues_pillars, nicolae_ossuary_entry_ruins
Ossuary:  minmay_ossuary_gauntlet

Skill      XL: |  1  2  3  4 |
---------------+-------------+-----
Stealth        | 1 2 |  2.3
Fighting       | 3 |  3.9
Dodging        | 3 |  3.6
Ranged Weapons | 5 |  5.3

Action                   |  1- 3 |  4- 6 || total
-------------------------+-------+-------++-------
 Fire: Shortbow          |    94 |    73 ||   167
  Use: Scroll            |     6 |     4 ||    10
Armor: Leather armour    |       |     3 ||     3
Dodge: Dodged            |     6 |    36 ||    42

Table legend: (Time is in decaauts)
 A = Elapsed time spent in this place.
 B = Non-inter-level travel time spent in this place.
 C = Inter-level travel time spent in this place.
 D = Time resting spent in this place.
 E = Time spent auto-exploring this place.
 F = Levels seen in this place.
 G = Mean time per level.
                   A        B        C        D        E       F      G
               +--------+--------+--------+--------+--------+-----+--------+
         Total |   2157 |   2078 |     79 |     25 |   1664 |   5 |  431.4 |
       Dungeon |   2133 |   2054 |     79 |     25 |   1663 |   4 |  533.2 |
       Ossuary |     24 |     24 |      0 |      0 |      1 |   1 |   24.0 |
               +--------+--------+--------+--------+--------+-----+--------+

Top non-repeatable levels by time:
     D:3: 748 daAuts
     D:1: 721 daAuts
     D:2: 614 daAuts
     D:4: 49 daAuts
 Ossuary: 24 daAuts

Table legend:
 A = Kills in this place as a percentage of kills in entire the game.
 B = Kills by you in this place as a percentage of kills by you in the entire game.
 C = Kills by friends in this place as a percentage of kills by friends in the entire game.
 D = Other kills in this place as a percentage of other kills in the entire game.
 E = Experience gained in this place as a percentage of experience gained in the entire game.
 F = Experience gained in this place divided by the number of levels of this place that you have seen.
                   A       B       C       D       E      F
               +-------+-------+-------+-------+-------+----------------------
         Total | 100.0 | 100.0 |   N/A |   N/A | 100.0 |  52.6
       Dungeon |  94.6 |  94.6 |   N/A |   N/A |  91.6 |  60.2
       Ossuary |   5.4 |   5.4 |   N/A |   N/A |   8.4 |  22.0
               +-------+-------+-------+-------+-------+----------------------
